 Dungeon Crawl Stone Soup version 0.27.1-33-g824d729ab1 (webtiles) character file.

Game seed: 17894161873803439963

1186 hilljack the Geomancer (level 8, -3/41 HPs)
             Began as a Gargoyle Earth Elementalist on Nov 28, 2021.
             Slain by a slime creature (13 damage)
             ... on level 5 of the Dungeon.
             The game lasted 00:16:23 (7100 turns).

hilljack the Geomancer (GrEE)                       Turns: 7100, Time: 00:16:23

Health: -3/41      AC:  8    Str: 13    XL:     8   Next: 42%
Magic:  1/14       EV: 12    Int: 17    God:
Gold:   181        SH:  0    Dex: 10    Spells: 6/16 levels left

rFire    + + .     SeeInvis .   f - +2 short sword (flame)
rCold    + . .     Faith    .   (no shield)
rNeg     + . .     Spirit   .   l - +1 robe {rF+}
rPois    ∞         Reflect  .   (no helmet)
rElec    +         Harm     .   (no cloak)
rCorr    .         Rampage  .   (no gloves)
Will     .....                  e - +0 pair of boots
Stlth    ++........             (no amulet)
HPRegen  0.13/turn              d - ring of protection from cold
MPRegen  0.14/turn              h - ring of protection from fire

@: no status effects
A: sickness immunity, AC +5, negative energy resistance 1, electricity
resistance, torment resistance 1, petrification resistance, claws 1, deformed
body, MP-powered wands
a: no special abilities


You were on level 5 of the Dungeon.
You visited 1 branch of the dungeon, and saw 6 of its levels.

You collected 181 gold pieces.

Inventory:

Hand Weapons
 f - a +2 short sword of flaming (weapon)
Missiles
 a - 19 poisoned darts
 c - 68 stones
 n - a curare-tipped dart
Armour
 e - a +0 pair of boots (worn)
 l - a +1 robe of fire resistance (worn)
Jewellery
 b - a ring of ice
 d - a ring of protection from cold (left claw)
 h - a ring of protection from fire (right claw)
Wands
 g - a wand of flame (1) (quivered)
Scrolls
 j - 6 scrolls of identify
 k - a scroll of teleportation
Potions
 m - a potion of haste


   Skills:
 - Level 2.1 Dodging
 - Level 3.0 Stealth
 + Level 4.6 Spellcasting
 + Level 3.6 Conjurations
 + Level 3.2 Transmutations
 * Level 8.3 Earth Magic


You had 6 spell levels left.
You knew the following spells:

 Your Spells              Type           Power      Damage    Failure   Level
a - Sandblast             Erth           64%        2d14      1%          1
b - Passwall              Tmut/Erth      19%        N/A       1%          2
c - Stone Arrow           Conj/Erth      48%        3d10      3%          3
d - Petrify               Tmut/Erth      23%        N/A       14%         4

Your spell library contained the following spells:

 Spells                   Type           Power      Damage    Failure   Level
 Animate Skeleton         Necr           6%         N/A       16%         1
 Apportation              Tloc           6%         N/A       16%         1
 Corona                   Hex            3%         N/A       16%         1
 Pain                     Necr           12%        1d4       16%         1
 Summon Small Mammal      Summ           12%        N/A       16%         1
 Leda's Liquefaction      Hex/Erth       9%         N/A       26%         4
 Call Canine Familiar     Summ           3%         N/A       41%         3
 Gell's Gravitas          Tloc           1%         N/A       41%         3
 Portal Projectile        Hex/Tloc       6%         N/A       41%         3
 Teleport Other           Tloc           3%         N/A       41%         3
 Blade Hands              Tmut           7%         N/A       73%         5
 Agony                    Necr           3%         N/A       99%         5
 Excruciating Wounds      Necr           1%         N/A       99%         5
 Dispersal                Tloc           1%         N/A       100%        6


Dungeon Overview and Level Annotations

Branches:
Dungeon (6/15)             Temple (0/1) D:5

Altars:
Okawaru

Shops:
D:2 *   D:3 *

Annotations:
D:6 Edmund


Innate Abilities, Weirdness & Mutations

You are immune to sickness and miasma.
Your stone body is resilient. (AC +5)
You are immune to poison.
You resist negative energy. (rN+)
You are resistant to electric shocks. (rElec)
You are resistant to unholy torment.
You are immune to petrification.
You have sharp fingernails.
Armour fits poorly on your strangely shaped body.
You expend magic power (3 MP) to strengthen your wands.


Message History

You feel a surge of power!
The puff of flame hits the jelly!
You kill the jelly!
You start resting.
A jelly is nearby!
The puff of flame hits the jelly.
The jelly is lightly wounded.
A slime creature comes into view.
The puff of flame hits the jelly!
The jelly is severely wounded.
The slime creature quivers.
The jelly hits you but does no damage.
The puff of flame hits the jelly!
You kill the jelly!
The puff of flame misses the slime creature.
The slime creature hits you!
The puff of flame hits the slime creature.
The slime creature is lightly wounded.
The slime creature hits you.
The puff of flame hits the slime creature.
The slime creature is lightly wounded.
The slime creature hits you.
Okay, then.
You see here a +0 dagger.
There is an open door here.
The slime creature jiggles.
There is an open gate here.
You see here a +0 short sword.
The slime creature misses you.
Casting: Sandblast (safe; 1% risk of failure)
Confirm with . or Enter, or press ? or * to list all spells.
Aiming: Passwall (safe; 1% risk of failure)
Press: ? - help, Dir - move target, p - slime creature A rock wall.
The slime creature barely misses you.
You begin to meditate on the wall.
You continue meditating on the rock.
The slime creature hits you!
* * * LOW HITPOINT WARNING * * *
You continue meditating on the rock.
The slime creature hits you!
You die...

..## ######.......# #.......#....
...###...##.......####.##.#.#....
.........##.......##.....<.....(.
...###...###.....####...###.#....
...# ##### ##...## #...###.#....
..## ####'''## #.......##### ..#
#.......####.#.##### ..#
#....)###.....(# ..#
##...JJ@#.##.#.# .##
##########.#.##.#.## ##
.#####...## #)#.......# #.
.......##.######.#.####..#######.
.####............................
.####...#.###.........##.#######.
.##......####.##.#..#.##.# #.
.......####......#..#.##[# #.
.##.#..# #.#.####.......# ##


You could see a slime creature and a jelly.

Vanquished Creatures
  Sigmund (D:4)
  An ogre (D:5)
  A necrophage (D:5)
  2 sky beasts
  3 kobold brigands (D:5)
  A phantom (D:5)
  A water moccasin skeleton (D:5)
  2 jellies (D:5)
  A bullfrog skeleton (D:5)
  2 iguanas
  A killer bee zombie (D:5)
  A hound skeleton (D:5)
  4 adders
  3 gnolls (D:2)
  2 worms
  A dart slug (D:3)
  2 orcs
  5 ball pythons
  6 bats
  6 endoplasms
  3 giant cockroaches
  8 goblins
  10 hobgoblins
  4 quokkas
  3 frilled lizards
  17 kobolds
  3 rats
94 creatures vanquished.

Vanquished Creatures (collateral kills)
  A jelly (D:5)
1 creature vanquished.

Vanquished Creatures (others)
  A jelly (D:5)
  10 fungi (D:5)
  5 toadstools (D:5)
16 creatures vanquished.

Grand Total: 111 creatures vanquished

Notes
Turn   | Place    | Note
-------+----------+-------------------------------------------
     0 | D:1      | hilljack the Gargoyle Earth Elementalist began the quest
                  | for the Orb.
     0 | D:1      | Reached XP level 1. HP: 10/10 MP: 3/3
   177 | D:1      | Reached skill level 1 in Transmutations
   177 | D:1      | Reached XP level 2. HP: 9/15 MP: 0/5
   878 | D:1      | Reached XP level 3. HP: 19/19 MP: 6/6
   890 | D:1      | Learned a level 2 spell: Passwall
   913 | D:1      | Found a faded altar of an unknown god.
   946 | D:1      | You fall into a shaft and drop 1 floor!
   960 | D:2      | Reached skill level 4 in Earth Magic
  1603 | D:2      | Reached XP level 4. HP: 14/24 MP: 7/7
  1734 | D:2      | Gained mutation: You expend magic power (3 MP) to
                  | strengthen your wands. [potion of mutation]
  1734 | D:2      | Gained mutation: Armour fits poorly on your strangely
                  | shaped body. [potion of mutation]
  1734 | D:2      | Gained mutation: You have sharp fingernails. [potion of
                  | mutation]
  2030 | D:2      | Found Jyclomn's Assorted Antiques.
  3641 | D:3      | Reached XP level 5. HP: 28/28 MP: 9/9
  4083 | D:3      | Found Okly's General Store.
  4525 | D:4      | Noticed a sky beast
  4533 | D:4      | Noticed Sigmund
  4695 | D:4      | Reached skill level 5 in Earth Magic
  4702 | D:4      | Learned a level 3 spell: Stone Arrow
  4721 | D:3      | Killed a sky beast
  4756 | D:3      | Learned a level 4 spell: Petrify
  4814 | D:4      | You fall into a shaft and drop 2 floors!
  4821 | D:6      | Noticed Edmund
  4884 | D:6      | Noticed a sky beast
  4904 | D:6      | Killed a sky beast
  4905 | D:6      | Reached skill level 1 in Conjurations
  4905 | D:6      | Reached skill level 6 in Earth Magic
  4905 | D:6      | Reached XP level 6. HP: 25/32 MP: 1/11
  4987 | D:6      | Noticed a water moccasin
  5043 | D:5      | Entered Level 5 of the Dungeon
  5245 | D:5      | Found a staircase to the Ecumenical Temple.
  5414 | D:5      | Reached XP level 7. HP: 36/36 MP: 8/12
  6097 | D:4      | Killed Sigmund
  6098 | D:4      | Reached skill level 7 in Earth Magic
  6190 | D:4      | Found an iron altar of Okawaru.
  6642 | D:5      | Reached XP level 8. HP: 39/41 MP: 10/14
  6876 | D:5      | Reached skill level 8 in Earth Magic
  7071 | D:5      | Noticed a slime creature
  7100 | D:5      | Slain by a slime creature

Illustrated notes

Levels and vault maps discovered:
D:1:      tarquinn_simple_flora_water_f, layout_basic,
          ebering_ecumenical_altar_webs
D:2:      layout_basic, serial_shops, shop
D:3:      layout_loops_corners, serial_shops, shop
D:4:      layout_cave_pools, okawaru_trees_1, minivault_19, uniq_sigmund
D:5:      cheibrodos_fertilizer, layout_loops_cross,
          minmay_temple_entry_from_below_a
D:6:      layout_rooms, serial_shops, nicolae_shop_crystal, minmay_hedge_maze,
          uniq_edmund

Skill      XL: |  1  2  3  4  5  6  7  8 |
---------------+-------------------------+-----
Transmutations | 1 2 3 |  3.2
Earth Magic    | 4 6 7 8 |  8.3
Dodging        | 2 |  2.1
Stealth        | 3 |  3.0
Spellcasting   | 3 4 |  4.6
Conjurations   | 1 2 3 |  3.6

Action                   |  1- 3 |  4- 6 |  7- 9 || total
-------------------------+-------+-------+-------++-------
Melee: Unarmed           |     6 |       |       ||     6
       Short sword       |    54 |    74 |    40 ||   168
       War axe           |    13 |    35 |       ||    48
 Cast: Sandblast         |    25 |    36 |    38 ||    99
       Stone Arrow       |       |     1 |     1 ||     2
       Passwall          |       |       |     1 ||     1
Evoke: Wand              |       |       |    12 ||    12
  Use: Scroll            |     2 |     4 |     2 ||     8
       Potion            |       |     9 |       ||     9
 Stab: Sleeping          |     6 |     2 |       ||     8
       Invisible         |       |     1 |       ||     1
       Distracted        |       |       |     1 ||     1
Armor: Robe              |    33 |    33 |    12 ||    78
       Skin              |       |     4 |       ||     4
Dodge: Dodged            |    58 |    86 |    43 ||   187
